 Dungeon Crawl Stone Soup version 0.23.2-33-g5129a83184 (webtiles) character file.

Game seed: 12966602873913396595

1459 troglodite the Chopper (level 8, -1/64 HPs)
             Began as a Gnoll Wanderer on July 5, 2019.
             Was a Follower of Ashenzari.
             Splashed by a jelly's acid (9 damage)
             ... on level 5 of the Dungeon.
             The game lasted 00:16:33 (4527 turns).

troglodite the Chopper (Gnoll Wanderer)             Turns: 4527, Time: 00:16:34

Health: -1/64      AC: 10    Str: 13    XL:     8   Next: 76%
Magic:  14/14      EV:  7    Int: 15    God:    Ashenzari [*.....]
Gold:   327        SH:  0    Dex: 18    Spells: 16/16 levels left

rFire    + . .     SeeInvis .   a - +5 hand axe
rCold    . . .     Gourm    .   (no shield)
rNeg     . . .     Faith    .   A - +4 chain mail {rF+} (curse)
rPois    .         Spirit   .   (no helmet)
rElec    .         Reflect  .   o - +0 cloak
rCorr    .         Harm     .   s - +2 pair of gloves (curse)
MR       .....                  (no boots)
Stlth    ..........             (no amulet)
HPRegen  0.20/turn              t - +4 ring of protection
MPRegen  0.14/turn              (no ring)

@: corroded
A: distributed training, fangs 1, strong nose
a: Curse Item, Scrying, Renounce Religion


You were on level 5 of the Dungeon.
You worshipped Ashenzari.
Ashenzari was aware of your devotion.
You were not hungry.

You visited 1 branch of the dungeon, and saw 6 of its levels.
You also visited: Sewer.

You collected 327 gold pieces.

Inventory:

Hand Weapons
 a - a +5 hand axe (weapon)
 b - a +0 shortbow
Missiles
 c - 80 arrows
 E - 2 javelins (quivered)
Armour
 o - a +0 cloak (worn)
 s - a cursed +2 pair of gloves (worn)
 A - a cursed +4 chain mail of fire resistance (worn)
 C - the cursed +1 chain mail of Generosity {+Fly rPois MR+ Str+4}
   (You found it on level 4 of the Dungeon)

   It affects your strength (+4).
   It protects you from poison.
   It affects your resistance to hostile enchantments.
   It lets you fly.
   It has a curse placed upon it.
Jewellery
 l - an uncursed ring of ice
 t - a +4 ring of protection (left hand)
 v - an uncursed ring of ice
Wands
 n - a wand of random effects (16)
 y - a wand of flame (8)
 D - a wand of digging (9)
Scrolls
 g - a scroll of fear
 h - a scroll of random uselessness {unknown}
 k - a scroll of magic mapping {unknown}
 p - 4 scrolls of identify
 x - a scroll of blinking {unknown}
Potions
 d - 2 potions of degeneration {unknown}
 e - 2 potions of haste
 i - a potion of magic
 j - a potion of berserk rage {unknown}
 q - a potion of flight
Comestibles
 f - 13 rations
 m - 5 chunks of flesh


   Skills:
 + Level 5.8 Fighting
 + Level 3.5 Short Blades
 + Level 3.5 Long Blades
 + Level 5.8 Axes
 + Level 3.5 Maces & Flails
 + Level 3.5 Polearms
 + Level 3.5 Staves
 + Level 3.5 Slings
 + Level 3.5 Bows
 + Level 3.5 Crossbows
 + Level 4.4 Throwing
 + Level 4.4 Armour
 + Level 3.5 Dodging
 + Level 4.2 Stealth
 + Level 3.5 Shields
 + Level 3.5 Unarmed Combat
 + Level 4.5 Spellcasting
 + Level 2.8 Conjurations
 + Level 2.8 Hexes
 + Level 2.8 Charms
 + Level 3.6 Summonings
 + Level 2.8 Necromancy
 + Level 2.8 Translocations
 + Level 2.8 Transmutations
 + Level 2.8 Fire Magic
 + Level 2.8 Ice Magic
 + Level 2.8 Air Magic
 + Level 2.8 Earth Magic
 + Level 3.6 Poison Magic
 + Level 3.8 Invocations
 + Level 3.5 Evocations


You had 16 spell levels left.
You didn't know any spells.
Your spell library was empty.

Dungeon Overview and Level Annotations

Branches:
Dungeon (6/15)             Temple (0/1) D:4

Altars:
Ashenzari
Elyvilon
Hepliaklqana
Okawaru
Sif Muna
Yredelemnul


Innate Abilities, Weirdness & Mutations

Your experience applies equally to all skills.
You have very sharp teeth.
Your uncanny sense of smell can sniff out nearby items.


Message History

The jelly is heavily wounded.
The jelly hits you but does no damage.
You hit the jelly but do no damage.
Your hands burn!
* * * LOW HITPOINT WARNING * * *
The jelly is heavily wounded.
The jelly hits you but does no damage. x2
Your chain mail prevents you from hitting the jelly.
The jelly is heavily wounded.
The jelly hits you but does no damage.
You hit the jelly.
Your hands burn!
* * * LOW HITPOINT WARNING * * *
The jelly is severely wounded.
The jelly barely misses you.
You hit the jelly but do no damage.
Your hands burn!
* * * LOW HITPOINT WARNING * * *
The jelly is severely wounded.
The jelly hits you.
* * * LOW HITPOINT WARNING * * *
You are splashed with acid!
You die...

... #........# ...###((......#
..#...(......%# #............#
#.#..........# ##.#.......####
## #..#.).....# ###.. #.
##)#........# ##...#
#.###J@.........# .....#
####.....#.#.......# #..#
#.......)..#.......# #..#
#..........###.#####
###..###..?...........#
...................############
..................####........#
.........................5....#
....).............####..{Oo.>.#


You could see a jelly.

Vanquished Creatures
  Sigmund (D:4)
  Eustachio (D:4)
  Duvessa (D:4)
  Purgy (Sewer)
  A black bear (D:4)
  An ogre (D:5)
  A necrophage (D:5)
  A centaur (D:5)
  A bullfrog (D:6)
  Dowan (D:4)
  A howler monkey (D:5)
  2 crimson imps
  An orc priest (D:5)
  A hound (D:5)
  2 orc wizards (D:5)
  An iguana (D:4)
  3 worker ants
  Terence (D:2)
  A hound zombie (D:5)
  2 adders
  A river rat (D:5)
  A shadow imp (D:5)
  An ooze (D:4)
  An adder skeleton (D:4)
  5 worms
  2 dart slugs (D:1)
  5 leopard geckos
  4 orcs
  2 ball pythons
  4 bats
  5 giant cockroaches
  11 goblins
  7 hobgoblins
  6 jackals
  A quokka (D:4)
  7 frilled lizards
  A jackal zombie (D:5)
  9 kobolds
  A leopard gecko skeleton (D:5)
  14 rats
113 creatures vanquished.

Notes
Turn   | Place    | Note
-------+----------+-------------------------------------------
     0 | D:1      | troglodite the Gnoll Wanderer began the quest for the Orb.
     0 | D:1      | troglodite set off with the following items: a +2 hand axe,
                  | a +0 shortbow, 24 arrows, a +0 ring mail, a ration
     0 | D:1      | Reached XP level 1. HP: 20/20 MP: 4/4
    81 | D:1      | Reached XP level 2. HP: 21/26 MP: 5/5
   296 | D:1      | Reached XP level 3. HP: 31/31 MP: 7/7
   609 | D:2      | Found a hazy altar of Hepliaklqana.
   609 | D:2      | Found a deep blue altar of Sif Muna.
   609 | D:2      | Noticed Terence
   626 | D:2      | Killed Terence
   626 | D:2      | Reached skill level 1 in Short Blades
   626 | D:2      | Reached skill level 1 in Long Blades
   626 | D:2      | Reached skill level 1 in Maces & Flails
   626 | D:2      | Reached skill level 1 in Polearms
   626 | D:2      | Reached skill level 1 in Staves
   626 | D:2      | Reached skill level 1 in Slings
   626 | D:2      | Reached skill level 1 in Bows
   626 | D:2      | Reached skill level 1 in Crossbows
   626 | D:2      | Reached skill level 1 in Dodging
   626 | D:2      | Reached skill level 1 in Shields
   626 | D:2      | Reached skill level 1 in Unarmed Combat
   626 | D:2      | Reached skill level 1 in Invocations
   626 | D:2      | Reached skill level 1 in Evocations
   626 | D:2      | Reached XP level 4. HP: 38/38 MP: 8/8
   656 | D:2      | Found a shattered altar of Ashenzari.
   673 | D:2      | Found a white marble altar of Elyvilon.
   722 | D:2      | Became a worshipper of Ashenzari the Shackled
  1136 | D:3      | Reached skill level 1 in Conjurations
  1136 | D:3      | Reached skill level 1 in Hexes
  1136 | D:3      | Reached skill level 1 in Charms
  1136 | D:3      | Reached skill level 1 in Necromancy
  1136 | D:3      | Reached skill level 1 in Translocations
  1136 | D:3      | Reached skill level 1 in Transmutations
  1136 | D:3      | Reached skill level 1 in Fire Magic
  1136 | D:3      | Reached skill level 1 in Ice Magic
  1136 | D:3      | Reached skill level 1 in Air Magic
  1136 | D:3      | Reached skill level 1 in Earth Magic
  1374 | D:3      | Found a basalt altar of Yredelemnul.
  1374 | D:3      | Found an iron altar of Okawaru.
  1841 | D:4      | Got the uncursed leather armour of the Sun {Slay+3}
  1852 | D:4      | Identified the +0 leather armour of the Sun {Slay+3} (You
                  | found it on level 4 of the Dungeon)
  1860 | D:4      | Found a staircase to the Ecumenical Temple.
  1905 | D:4      | Noticed Dowan
  1906 | D:4      | Noticed Duvessa
  1925 | D:4      | Killed Duvessa
  1925 | D:4      | Reached XP level 5. HP: 27/43 MP: 9/9
  1926 | D:4      | Killed Dowan
  1926 | D:4      | Reached XP level 6. HP: 32/50 MP: 9/11
  2111 | D:4      | Noticed Sigmund
  2148 | D:4      | Killed Sigmund
  2148 | D:4      | Reached skill level 5 in Fighting
  2148 | D:4      | Reached skill level 5 in Axes
  2242 | D:4      | Reached XP level 7. HP: 20/56 MP: 12/12
  2678 | D:4      | Noticed Eustachio
  2697 | D:4      | Killed Eustachio
  2990 | D:4      | Identified the cursed +1 chain mail of Generosity {+Fly
                  | rPois MR+ Str+4}
  3266 | D:5      | Entered Level 5 of the Dungeon
  3306 | D:5      | Reached XP level 8. HP: 31/62 MP: 14/14
  3506 | D:5      | Found a glowing drain.
  3513 | Sewer    | Entered a sewer
  3513 | Sewer    | Reached * piety under Ashenzari
  3707 | Sewer    | Noticed Purgy
  3729 | Sewer    | Killed Purgy
  4527 | D:5      | Splashed by a jelly's acid

Skill      XL: |  1  2  3  4  5  6  7  8 |
---------------+-------------------------+-----
Summonings     | 2 3 |  3.6
Poison Magic   | 2 3 |  3.6
Short Blades   | 1 2 3 |  3.5
Long Blades    | 1 2 3 |  3.5
Maces & Flails | 1 2 3 |  3.5
Polearms       | 1 2 3 |  3.5
Staves         | 1 2 3 |  3.5
Slings         | 1 2 3 |  3.5
Bows           | 1 2 3 |  3.5
Crossbows      | 1 2 3 |  3.5
Dodging        | 1 2 3 |  3.5
Shields        | 1 2 3 |  3.5
Unarmed Combat | 1 2 3 |  3.5
Invocations    | 1 2 3 |  3.8
Evocations     | 1 2 3 |  3.5
Spellcasting   | 3 4 |  4.5
Conjurations   | 1 2 |  2.8
Hexes          | 1 2 |  2.8
Charms         | 1 2 |  2.8
Necromancy     | 1 2 |  2.8
Translocations | 1 2 |  2.8
Transmutations | 1 2 |  2.8
Fire Magic     | 1 2 |  2.8
Ice Magic      | 1 2 |  2.8
Air Magic      | 1 2 |  2.8
Earth Magic    | 1 2 |  2.8
Throwing       | 3 4 |  4.4
Armour         | 3 4 |  4.4
Stealth        | 3 4 |  4.2
Fighting       | 5 |  5.8
Axes           | 5 |  5.8

Action                   |  1- 3 |  4- 6 |  7- 9 || total
-------------------------+-------+-------+-------++-------
Melee: Hand axe          |    78 |   153 |   264 ||   495
       Bite              |     7 |    19 |    31 ||    57
       Punch             |       |       |     6 ||     6
Throw: Javelin           |       |       |     2 ||     2
Invok: Curse Item        |       |     2 |       ||     2
  Use: Scroll            |       |       |    11 ||    11
       Potion            |       |       |     8 ||     8
 Stab: Sleeping          |     1 |     2 |       ||     3
  Eat: Chunk             |       |     5 |     4 ||     9
       Ration            |       |       |     1 ||     1
Armor: Ring mail         |    14 |       |       ||    14
       Chain mail        |    17 |    71 |   286 ||   374
       Leather armour    |       |    22 |       ||    22
Dodge: Dodged            |    38 |    46 |   123 ||   207
